 Dungeon Sprint DCSS version 0.30-a0-800-g7c544603b3 (webtiles) character file.

Game seed: 9529426974163901728

174 rocky1 the Trooper (level 5, -2/39 HPs)
             Began as a Gargoyle Gladiator on Feb 22, 2023.
             Slain by an iguana (9 damage)
             ... in the Dungeon (Sprint IX: "|||||||||||||||||||||||||||||").
             The game lasted 00:00:34 (104 turns).

rocky1 the Trooper (Gargoyle Gladiator)              Turns: 104, Time: 00:00:35

Health: -2/39      AC:  8    Str: 19    XL:     5   Next: 54%
Magic:  5/5        EV: 13    Int:  9    God:
Gold:   0          SH:  0    Dex: 11    Spells: 4/4 levels left

rFire   . . .      SeeInvis .    a - +0 flail
rCold   . . .      Faith    .    (no shield)
rNeg    + . .      Spirit   .    b - +0 leather armour
rPois   ∞          Reflect  .    c - +0 helmet
rElec   +          Harm     .    (no cloak)
rCorr   .          Rampage  .    (no gloves)
Will    .....      NoTele   +    (no boots)
Stlth   +                        (no amulet)
HPRegen 0.26/turn                (no ring)
MPRegen 0.09/turn                (no ring)

@: no status effects
A: sickness immunity, AC +4, negative energy resistance 1, electricity
resistance, torment resistance 1, petrification resistance
a: no special abilities


You were in the Dungeon.
You visited 1 branch

Inventory:

Hand Weapons
 a - a +0 flail (weapon)
Missiles
 e - a javelin (quivered)
Armour
 b - a +0 leather armour (worn)
 c - a +0 helmet (worn)
Scrolls
 k - a scroll of blinking
Potions
 f - a potion of curing
 g - a potion of heal wounds
 h - a potion of haste
 i - 2 potions of magic
 j - a potion of berserk rage


   Skills:
 * Level 7.8 Fighting
 * Level 7.5 Maces & Flails
 - Level 1.7 Throwing
 + Level 4.7 Dodging


You had 4 spell levels left.
You didn't know any spells.
Your spell library was empty.

Dungeon Overview and Level Annotations

Branches:
Dungeon (1/1)

Altars:


Innate Abilities, Weirdness & Mutations

You are immune to sickness and miasma.
Your stone body is resilient. (AC +4)
You are immune to poison.
You resist negative energy. (rN+)
You are resistant to electric shocks. (rElec)
You are resistant to unholy torment.
You are immune to petrification.


Message History

The iguana struggles against the net.
The net rips apart, and the iguana comes free!
The ufetubus barely misses you. The ufetubus closely misses you.
You closely miss the ufetubus. The ufetubus hits you.
* * * LOW HITPOINT WARNING * * *
The ufetubus barely misses you.
You closely miss the ufetubus.
The ufetubus hits you but does no damage.
The ufetubus closely misses you. The ufetubus misses you.
The ufetubus closely misses you.
You closely miss the ufetubus.
The ufetubus hits you but does no damage. x2
The ufetubus hits you.
* * * LOW HITPOINT WARNING * * *
The ufetubus misses you.
You hit the ufetubus but do no damage. The ufetubus hits you.
* * * LOW HITPOINT WARNING * * *
The ufetubus hits you but does no damage.
Throw: throwing net
Press: ? - help, Q - select action, (/) - cycle Shift-Dir - straight line, f - ufetubus
Aim: an ufetubus (40% to hit)
You throw a throwing net. The throwing net hits the ufetubus.
The ufetubus is caught in the net!
The ufetubus struggles against the net. x2
You catch the helpless ufetubus completely off-guard!
You hit the ufetubus.
The ufetubus is almost dead.
The ufetubus struggles against the net.
You barely miss the ufetubus.
The ufetubus is almost dead.
The ufetubus struggles against the net.
The net rips apart, and the ufetubus comes free!
The ufetubus misses you. The ufetubus barely misses you.
You hit the ufetubus.
You kill the ufetubus!
You barely miss the iguana. The iguana completely misses you.
You thump the iguana!
The iguana is severely wounded.
The iguana bites you!
You die... ▓▓▓▓▓▓▓▓▓▓▓▓▓▓▓▓▓▓ +...l@'....††...<▓ ▓▓▓▓▓▓▓▓▓▓▓▓▓▓▓▓▓▓

You could see an iguana.

Vanquished Creatures
  A water moccasin (D)
  A scorpion (D)
  An ufetubus (D)
  2 bats (D)
  An endoplasm (D)
  A quokka (D)
  A ball python (D)
  A rat (D)
9 creatures vanquished.

Notes
Turn   | Place    | Note
-------+----------+-------------------------------------------
     0 | D        | rocky1 the Gargoyle Gladiator began the quest for the Orb.
     0 | D        | Reached XP level 1. HP: 12/12 MP: 1/1
    62 | D        | Noticed an iguana
    62 | D        | Noticed a water moccasin
    62 | D        | Noticed a scorpion
    65 | D        | Reached XP level 2. HP: 19/19 MP: 2/2
    72 | D        | Killed a scorpion
    73 | D        | Reached skill level 5 in Fighting
    73 | D        | Reached skill level 5 in Maces & Flails
    73 | D        | Reached XP level 3. HP: 26/27 MP: 3/3
    73 | D        | Reached XP level 4. HP: 31/32 MP: 4/4
    92 | D        | Killed a water moccasin
    93 | D        | Reached XP level 5. HP: 12/39 MP: 5/5
   104 | D        | Slain by an iguana

Illustrated notes

Levels and vault maps discovered:
D:        linesprint [early_d, line_temple, items_1, d_10, items_2, lair_1,
          lair_end, items_3, orc_1, orc_end, items_4, d_15, swamp_1, shoals_1,
          snake_1, spider_1, d_20, vaults_1, items_5, swamp_end, shoals_end,
          snake_end, spider_end, vaults_end, d_27, items_6, zot_1, zot_end,
          crypt_end, forest_end, elf_end, slime_end, tomb_end, abyss_end,
          pan_hell_end]

Skill      XL: |  1  2  3  4 |
---------------+-------------+-----
Fighting       | 3 5 7 |  7.8
Maces & Flails | 5 7 |  7.5
Dodging        | 3 4 |  4.7
Throwing       | |  1.7

Action                     |  1- 3 |  4- 6 || total
---------------------------+-------+-------++-------
  Melee: Flail             |    27 |    28 ||    55
         Punch             |     1 |       ||     1
  Throw: Throwing net      |       |     3 ||     3
   Stab: Distracted        |     1 |       ||     1
         Held in net/web   |       |     1 ||     1
 Armour: Leather armour    |    15 |    13 ||    28
  Dodge: Dodged            |    22 |    23 ||    45

Table legend: (Time is in decaauts)
 A = Elapsed time spent in this place.
 B = Non-inter-level travel time spent in this place.
 C = Inter-level travel time spent in this place.
 D = Time resting spent in this place.
 E = Time spent auto-exploring this place.
 F = Levels seen in this place.
 G = Mean time per level.
                   A        B        C        D        E       F      G
               +--------+--------+--------+--------+--------+-----+--------+
         Total |    112 |    112 |      0 |     34 |      0 |   1 |  112.0 |
       Dungeon |    112 |    112 |      0 |     34 |      0 |   1 |  112.0 |
               +--------+--------+--------+--------+--------+-----+--------+

Top non-repeatable levels by time:
       D: 112 daAuts
